cohdb
Replays
Latest Replays
All Replays
Popular Replays
Top Player Replays
Match Explorer
How It Works
Community
CoH3 Stats
Reddit
Sign in to upload your games and track your stats! →
Sign in with Steam
Match 43284734
Unlisted
Match 43284734
Overview
Messages
Build Orders
End
Construct Barracks
Selects Heavy Weapons
Riflemen Squad
1⁄4-ton 4x4 Truck
Riflemen Squad
Construct Weapon Support Center
Bazooka Squad
M1919 Machine Gun Team
Mechanized Support Center
Engineer Squad
Selects M2HB .50cal Heavy Machine Gun
M3 Armored Personnel Carrier
Selects Assault Carriers
Selects Halftrack Strongpoints
Grenade Package
Improved M9 Bazooka Rockets
Riflemen Squad
M1918 Browning Automatic Rifles
Construct Motor Pool
Bazooka Squad
M1 Anti-tank Gun Team
M1919 Machine Gun Team
Construct Tank Depot
M4(105) Sherman Bulldozer
Improvised Armor
Selects M26 Pershing Heavy Tank
Designate Forward Repair Station
Rapid Repairs
Riflemen Squad
M26 Pershing Heavy Tank
Selects Rapid Reposition
Selects Black Dragon Artillery Barrage
Imperiale
Bananenratte
Esxile
Nashorn101
0
0
Comments
sign in to comment!
No comments posted yet!